 Dungeon Crawl Stone Soup version 0.32-a0-918-g0f22ef8d61 (webtiles) character file.

Game seed: 13803721701684160615

9918 GeoRichter the Fighter (level 11, -3/73 HPs)
             Began as a Tengu Fire Elementalist on Apr 11, 2024.
             Was an Initiate of Gozag.
             Killed by vampiric draining
             ... invoked by a vampire
              (18 damage)
             ... on level 10 of the Dungeon.
             The game lasted 00:18:49 (11397 turns).

GeoRichter the Fighter (Tengu Fire Elementalist)   Turns: 11397, Time: 00:18:50

Health: -3/73      AC:  7    Str: 10    XL:     11   Next: 54%
Magic:  17/34      EV: 15    Int: 19    God:    Gozag
Gold:   1481       SH:  5    Dex: 14    Spells: 20/29 levels left

rFire   . . .        e - +0 short sword
rCold   + . .        (no shield)
rNeg    . . .        y - +1 robe
rPois   +            (helmet restricted)
rElec   .            F - +0 cloak {rPois}
rCorr   .            B - +2 pair of gloves
SInv    .            (boots unavailable)
Will    .....        I - amulet of reflection
Stlth   +++          d - ring of magical power
HPRegen 0.32/turn    C - ring of protection from cold
MPRegen 0.24/turn

%: reflection, acrobat
@: flying
A: beak, talons 3, evasive flight, acrobatic
a: Renounce Religion, Potion Petition, Call Merchant, Bribe Branch


You were on level 10 of the Dungeon.
You worshipped Gozag.
Gozag was most pleased with you.
You visited 2 branches of the dungeon, and saw 11 of its levels.
You also visited: Sewer.

You collected 1596 gold pieces.
You spent 55 gold pieces at shops.
You paid 60 gold pieces to Gozag.

Inventory:

Hand Weapons
 e - a +0 short sword (weapon)
   (You took it off a kobold on level 1 of the Dungeon)
Armour
 o - an orb of wrath
   (You found it on level 4 of the Dungeon)
 y - a +1 robe (worn)
   (You took it off Sigmund on level 4 of the Dungeon)
 B - a +2 pair of gloves (worn)
   (You found it on level 5 of the Dungeon)
 D - the +0 ring mail of Locus {rC++}
   (You found it on level 9 of the Dungeon)

   rC++:      It greatly protects you from cold.
 F - a +0 cloak of poison resistance (worn)
   (You took it off Maurice on level 9 of the Dungeon)
Jewellery
 d - a ring of magical power (left hand)
   (You found it on level 1 of the Dungeon)
 C - a ring of protection from cold (right hand)
   (You found it on level 5 of the Dungeon)
 G - a ring of positive energy
   (You found it on level 9 of the Dungeon)
 I - an amulet of reflection (around neck)
   (You found it on level 7 of the Dungeon)
Wands
 r - a wand of paralysis (5)
   (You found it in a sewer)
 z - a wand of quicksilver (19)
   (You found it on level 4 of the Dungeon)
 E - a wand of polymorph (7)
   (You found it on level 7 of the Dungeon)
 H - a wand of roots (4)
   (You took it off Maurice on level 9 of the Dungeon)
Scrolls
 a - 2 scrolls of blinking
 c - a scroll of enchant weapon
 f - 6 scrolls of poison {!r}
 g - 2 scrolls of amnesia
 h - a scroll of brand weapon {unknown}
 j - 2 scrolls of immolation {!r}
 l - a scroll of noise {unknown}
 m - 10 scrolls of teleportation {@r4}
 q - 2 scrolls of fog {unknown}
 s - a scroll of vulnerability {unknown}
 t - 2 scrolls of revelation
 v - 2 scrolls of enchant armour {unknown}
 w - a scroll of torment {!r}
 A - a scroll of fear {unknown}
Potions
 b - 3 potions of magic
 i - 2 potions of lignification {!q}
 k - 2 potions of curing {@q1}
 n - 2 potions of attraction {!q}
 p - a potion of ambrosia
 u - a potion of mutation {unknown}
 x - a potion of heal wounds {unknown}
 J - a potion of enlightenment {unknown}


   Skills:
 + Level 10.9 Fighting
 - Level 2.1 Dodging
 - Level 4.0 Stealth
 + Level 9.9 Spellcasting
 - Level 9.0 Conjurations
 - Level 5.1 Fire Magic
 * Level 1.1 Ice Magic
 - Level 4.0 Evocations


You had 20 spell levels left.
You knew the following spells:

 Your Spells              Type           Power      Damage    Failure   Level
a - Foxfire               Conj/Fire      100%       2x1d9     1%          1
b - Scorch                Fire           58%        2d7       1%          2
c - Mephitic Cloud        Conj/Alch/Air  20%        N/A       7%          3
d - Frozen Ramparts       Ice            26%        1d4       14%         3

Your spell library contained the following spells:

 Spells                   Type           Power      Damage    Failure   Level
 Dazzling Flash           Conj/Hex       52%        N/A       3%          3
 Flame Wave               Conj/Fire      36%        2d10      4%          4
 Slow                     Hex            36%        N/A       8%          1
 Inner Flame              Hex/Fire       19%        N/A       8%          3
 Volatile Blastmotes      Fire/Tloc      38%        2d13      8%          3
 Iskenderun's Mystic Bla Conj/Tloc 26%            2d7        (+2d3     12%         4
 Ozocubu's Armour         Ice            13%        N/A       14%         3
 Confusing Touch          Hex            9%         N/A       22%         3
 Tukima's Dance           Hex            9%         N/A       22%         3
 Vampiric Draining        Necr           9%         2d6       22%         3
 Dimensional Bullseye     Hex/Tloc       4%         N/A       58%         4
 Metabolic Englaciation   Hex/Ice        5%         N/A       86%         5
 Curse of Agony           Necr           9%         N/A       91%         5
 Silence                  Hex/Air        4%         N/A       91%         5


Dungeon Overview and Level Annotations

Branches:
Dungeon (10/15) Zot: 26338  Temple (1/1) D:4 Zot: 5980     Orc (0/2) D:10
  Sewer (visited)
   Lair: D:8-11

Altars:
Ashenzari
Cheibriados
Dithmenos
Elyvilon
Fedhas
Gozag
Hepliaklqana
Kikubaaqudgha
Makhleb
Nemelex Xobeh
Okawaru
Qazlal
Ru
Sif Muna
Trog
Uskayaw
Vehumet
Wu Jian
Xom
Yredelemnul
Zin
The Shining One

Shops:
D:2 ?

Annotations:
D:2 1 runed translucent door, Crazy Yiuf
D:8 1 runed translucent door, ouz's ghost, novice FoFi


Innate Abilities, Weirdness & Mutations

You have a beak for a mouth.
You have claws for feet.
Your magical flight helps you evade attacks. (EV +4)
You can magically evade attacks while moving or waiting.


Message History

Press: ? - help, Dir - look around, f - activate The walls around you are covered in ice.
The wall freezes something but does no damage.
Casting: Frozen Ramparts (dangerous; 14% risk of failure)
Confirm with . or Enter, or press ? or * to list all spells.
Flames lash something.
The wall freezes something but does no damage.
Casting: Scorch (safe; 1% risk of failure)
Confirm with . or Enter, or press ? or * to list all spells.
Flames lash something.
The wall freezes something but does no damage.
Something hits you. Something barely misses you.
Casting: Scorch (safe; 1% risk of failure)
Confirm with . or Enter, or press ? or * to list all spells.
Flames lash something.
The wall freezes something but does no damage.
Something hits you! Something bites you.
Something draws strength from your injuries!
Casting: Scorch (safe; 1% risk of failure)
Confirm with . or Enter, or press ? or * to list all spells.
Flames lash something.
The wall freezes something but does no damage.
Something closely misses you. Something bites you!
Something draws strength from your injuries!
Casting: Scorch (safe; 1% risk of failure)
Confirm with . or Enter, or press ? or * to list all spells.
Flames lash something.
The wall freezes something but does no damage.
Something draws life force from you!
* * * LOW HITPOINT WARNING * * *
Casting: Scorch (safe; 1% risk of failure)
Confirm with . or Enter, or press ? or * to list all spells.
Flames lash something.
The frozen ramparts melt away.
Something hits you but does no damage. Something bites you!
* * * LOW HITPOINT WARNING * * *
Something draws strength from your injuries!
Casting: Scorch (safe; 1% risk of failure)
Confirm with . or Enter, or press ? or * to list all spells.
Flames lash something.
Something draws life force from you!
* * * LOW HITPOINT WARNING * * *
Okay, then.
Unknown command.
Casting: Scorch (safe; 1% risk of failure)
Confirm with . or Enter, or press ? or * to list all spells.
Flames lash something.
Something draws life force from you!!
You die...
Your body crumbles into a pile of gold.

###.......##..#
############....
#####....###........
...........'........
####....###........
####.#.# ##.......
#......# ##.....#
#.###### ##...## #@#
##'## #{# #.# #.#
#.# ... ##.## .#.
##...## #. .#
#.....# ## ##
##...## ##....
.#######.###


There were no monsters in sight!

Vanquished Creatures
  Erolcha (D:9)
  A centaur warrior (D:8)
  2 cyclopes (D:8)
  Maurice (D:9)
  Prince Ribbit (D:8)
  Grinder (D:6)
  Sigmund (D:4)
  11 yaks
  A wraith (D:8)
  A wyvern (D:8)
  2 steam dragons
  2 wargs (D:10)
  Grum (D:8)
  3 vampire mosquitoes (D:7)
  2 water moccasins
  5 orc warriors
  4 black bears
  2 sky beasts
  A laughing skull (D:8)
  4 wolves
  3 centaurs
  A kobold brigand (D:6)
  2 bullfrogs
  5 wights (D:5)
  14 killer bees
  A howler monkey (D:5)
  2 bombardier beetles
  5 hounds
  10 orc priests
  2 gnoll boudas
  A jelly (D:7)
  An iguana (D:6)
  A hell rat (Sewer)
  Natasha (thrice) (D:2)
  5 orc wizards
  13 gnolls
  2 river rats (Sewer)
  11 adders
  2 white imps (D:5)
  2 ufetubi (D:6)
  3 dart slugs
  A ribbon worm (D:3)
  34 orcs
  4 ball pythons
  5 bats
  9 endoplasms
  2 giant cockroaches
  8 goblins
  6 hobgoblins
  3 quokkas
  3 frilled lizards
  10 kobolds
  8 rats
229 creatures vanquished.

Vanquished Creatures (others)
  576 foxfires
576 creatures vanquished.

Grand Total: 805 creatures vanquished

Notes
Turn   | Place    | Note
-------+----------+-------------------------------------------
     0 | D:1      | GeoRichter the Tengu Fire Elementalist began the quest for
                  | the Orb.
     0 | D:1      | Reached XP level 1. HP: 10/10 MP: 4/4
   207 | D:1      | Reached XP level 2. HP: 15/15 MP: 3/6
   609 | D:1      | Reached XP level 3. HP: 19/19 MP: 5/7
  1098 | D:2      | Learned a level 2 spell: Scorch
  1343 | D:2      | Found a runed translucent door.
  1344 | D:2      | Noticed Crazy Yiuf
  1434 | D:2      | Reached XP level 4. HP: 24/24 MP: 6/9
  1731 | D:2      | Found Nubbuna's Magic Scroll Shop.
  1748 | D:2      | Bought a scroll of identify for 22 gold pieces
  1748 | D:2      | Bought a scroll of teleportation for 33 gold pieces
  1777 | D:2      | Noticed Natasha
  1787 | D:2      | Killed Natasha
  1788 | D:2      | Reached skill level 5 in Fire Magic
  1851 | D:2      | Reached XP level 5. HP: 28/28 MP: 6/10
  2026 | D:2      | Noticed Natasha
  2031 | D:2      | Killed Natasha
  2102 | D:2      | Noticed Natasha
  2132 | D:2      | Killed Natasha
  2409 | D:3      | Identified the +9 chain mail of Biurie {Dex+4}
  2430 | D:3      | Found a glowing drain.
  2497 | Sewer    | Entered a sewer
  2506 | Sewer    | Reached XP level 6. HP: 32/32 MP: 12/12
  2805 | D:3      | Found a sparkling altar of Nemelex Xobeh.
  3210 | D:4      | Found a staircase to the Ecumenical Temple.
  3241 | D:4      | Noticed Sigmund
  3251 | D:4      | Killed Sigmund
  3252 | D:4      | Gained mutation: Your magical flight helps you evade
                  | attacks. (EV +4) [Tengu growth]
  3252 | D:4      | Reached XP level 7. HP: 29/36 MP: 14/14
  3263 | Temple   | Entered the Ecumenical Temple
  3276 | Temple   | Became a worshipper of Gozag Ym Sagoz the Greedy
  3507 | D:4      | Reached skill level 5 in Conjurations
  3754 | D:5      | Entered Level 5 of the Dungeon
  4285 | D:5      | Reached skill level 5 in Spellcasting
  4285 | D:5      | Reached XP level 8. HP: 41/41 MP: 16/16
  5015 | D:6      | Noticed Grinder
  5021 | D:6      | Killed Grinder
  5085 | D:6      | Reached skill level 1 in Evocations
  5126 | D:6      | Reached XP level 9. HP: 45/45 MP: 14/19
  5467 | D:6      | Reached skill level 1 in Fighting
  5912 | D:7      | Reached skill level 2 in Fighting
  6066 | D:7      | Learned a level 3 spell: Mephitic Cloud
  6176 | D:7      | Found a radiant altar of Vehumet.
  6219 | D:7      | Found a basalt altar of Yredelemnul.
  6225 | D:7      | Found a sacrificial altar of Ru.
  6227 | D:7      | Found a burning altar of Makhleb.
  6229 | D:7      | Found a stormy altar of Qazlal.
  6229 | D:7      | Found a shimmering altar of Xom.
  6230 | D:7      | Found a glowing golden altar of the Shining One.
  6231 | D:7      | Found a glowing silver altar of Zin.
  6247 | D:7      | Reached skill level 3 in Fighting
  6255 | D:7      | Reached skill level 4 in Fighting
  6656 | D:7      | Reached skill level 5 in Fighting
  7261 | D:8      | Noticed Grum
  7264 | D:8      | Reached XP level 10. HP: 60/60 MP: 22/22
  7275 | D:7      | Reached skill level 6 in Fighting
  7481 | D:8      | Noticed Prince Ribbit
  7489 | D:8      | Killed Prince Ribbit
  7724 | D:8      | Reached skill level 7 in Fighting
  7947 | D:8      | Found a hide-covered altar of Uskayaw.
  7962 | D:8      | Killed Grum
  8220 | D:8      | Noticed a cyclops
  8231 | D:8      | Killed a cyclops
  8399 | D:8      | Noticed a cyclops
  8405 | D:8      | Killed a cyclops
  8406 | D:8      | Reached skill level 8 in Fighting
  8410 | D:8      | HP: 2/58 [laughing skull/bolt of negative energy (25)]
  8864 | D:8      | Found a runed translucent door.
  8864 | D:8      | Noticed ouz's ghost (novice FoFi)
  8894 | D:8      | Noticed a centaur warrior
  8894 | D:8      | Noticed a purple ugly thing
  8911 | D:8      | Killed a centaur warrior
  9193 | D:8      | Reached skill level 9 in Fighting
  9233 | D:7      | Reached XP level 11. HP: 71/71 MP: 2/25
  9487 | D:8      | Found a broken altar of Ashenzari.
  9605 | D:9      | Reached skill level 10 in Fighting
  9808 | D:9      | Found an iron altar of Okawaru.
  9965 | D:9      | Identified the +0 ring mail of Locus {rC++}
 10083 | D:9      | Noticed Erolcha
 10102 | D:9      | Killed Erolcha
 10598 | D:9      | Noticed Maurice
 10606 | D:9      | Maurice stole an amulet of reflection
 10611 | D:9      | Killed Maurice
 10736 | D:10     | Entered Level 10 of the Dungeon
 11026 | D:10     | Learned a level 3 spell: Frozen Ramparts
 11085 | D:10     | Reached skill level 1 in Ice Magic
 11239 | D:10     | Found a staircase to the Orcish Mines.
 11397 | D:10     | Killed from afar by a vampire

Illustrated notes

Levels and vault maps discovered:
D:1:      dpeg_arrival_rhombi, layout_basic, minmay_tetromino_l2
D:2:      layout_basic, serial_shops, shop, minmay_surrounded,
          uniq_crazy_yiuf_cottage, uniq_natasha
D:3:      layout_rooms, nemelex_diamond_rough_becter, portal_sewer_entry_d
D:4:      layout_basic, temple_pool_b, uniq_sigmund
D:5:      layout_loops_ring, dk_noncrumbling_2
D:6:      layout_basic, uniq_grinder
D:7:      layout_basic, vehumet_crystals, grunt_temple_overflow_open,
          corner_web_ring, kennysheep_generic_room_12
D:8:      layout_layer_cave, lemuel_crystal_altar,
          lemuel_coloured_pillars_altar, gammafunk_ghost_grave,
          minmay_shattered_shrine, uniq_prince_ribbit1, uniq_grum
D:9:      layout_basic, nicolae_overflow_crystal_walls, uniq_maurice,
          uniq_erolcha
D:10:     layout_loops_corners, david_orc_1_choice,
          ploomutoo_gammafunk_ghost_potion_laboratory
Temple:   eino_wide_crystal_templ

Skill      XL: |  1  2  3  4  5  6  7  8  9 10 11 |
---------------+----------------------------------+-----
Fire Magic     | 4 5 |  5.1
Spellcasting   | 3 4 5 6 7 9 |  9.9
Stealth        | 3 4 |  4.0
Conjurations   | 4 6 9 |  9.0
Evocations     | 2 4 |  4.0
Fighting       | 5 9 10 | 10.9
Ice Magic      | 1 |  1.1
Dodging        | |  2.1

Action                     |  1- 3 |  4- 6 |  7- 9 | 10-12 || total
---------------------------+-------+-------+-------+-------++-------
  Melee: Short sword       |     1 |     6 |     2 |    38 ||    47
         Peck              |     1 |       |     1 |    12 ||    14
         Kick              |       |     2 |     2 |    16 ||    20
   Cast: Foxfire           |    42 |    85 |   142 |    57 ||   326
         Scorch            |       |    12 |    99 |   189 ||   300
         Mephitic Cloud    |       |       |       |     3 ||     3
         Frozen Ramparts   |       |       |       |     3 ||     3
    Use: Scroll            |       |     3 |     5 |     5 ||    13
         Potion            |       |       |       |     1 ||     1
   Stab: Confused          |       |       |       |     1 ||     1
         Sleeping          |       |       |       |     1 ||     1
 Armour: Robe              |     5 |    22 |    34 |    96 ||   157
  Dodge: Dodged            |     7 |    21 |    67 |   160 ||   255
  Block: Other             |       |       |       |     8 ||     8

Table legend: (Time is in decaauts)
 A = Elapsed time spent in this place.
 B = Non-inter-level travel time spent in this place.
 C = Inter-level travel time spent in this place.
 D = Time resting spent in this place.
 E = Time spent auto-exploring this place.
 F = Levels seen in this place.
 G = Mean time per level.
                   A        B        C        D        E       F      G
               +--------+--------+--------+--------+--------+-----+--------+
         Total |  11424 |  11164 |    260 |    593 |   8531 |  12 |  952.0 |
       Dungeon |  11188 |  10933 |    255 |    593 |   8368 |  10 | 1118.8 |
        Temple |     19 |     14 |      5 |      0 |      0 |   1 |   19.0 |
         Sewer |    216 |    216 |      0 |      0 |    162 |   1 |  216.0 |
               +--------+--------+--------+--------+--------+-----+--------+

Top non-repeatable levels by time:
     D:8: 1948 daAuts
     D:7: 1607 daAuts
     D:5: 1260 daAuts
     D:2: 1257 daAuts
     D:9: 1193 daAuts
     D:6: 988 daAuts
     D:1: 975 daAuts
     D:4: 669 daAuts
    D:10: 660 daAuts
     D:3: 628 daAuts
   Sewer: 216 daAuts
  Temple: 19 daAuts
